 Dungeon Crawl Stone Soup version 0.28-a0-556-gab23d0e057 (webtiles) character file.

Game seed: 8521884334534230559

54 kipponium the Chopper (level 4, -3/35 HPs)
             Began as a Formicid Abyssal Knight on Sept 28, 2021.
             Was a Follower of Lugonu.
             Slain by a bullfrog (4 damage)
             ... on level 5 of the Dungeon.
             The game lasted 00:09:08 (1908 turns).

kipponium the Chopper (Formicid Abyssal Knight)     Turns: 1908, Time: 00:09:08

Health: -3/35      AC:  3    Str: 19    XL:     4   Next: 12%
Magic:  6/6        EV: 11    Int:  9    God:    Lugonu [*.....]
Gold:   87         SH:  0    Dex: 11    Spells: 3/3 levels left

rFire   . . .      SeeInvis +   a - +1 hand axe
rCold   . . .      Faith    .   (no shield)
rNeg    . . .      Spirit   .   b - +0 leather armour
rPois   .          Reflect  .   (helmet unavailable)
rElec   .          Harm     .   (no cloak)
rCorr   .          Rampage  .   (no gloves)
Will    .....                   (no boots)
Stlth   +.........              (no amulet)
HPRegen 0.11/turn               (no ring)
MPRegen 0.10/turn               (no ring)

@: no status effects
A: permanent stasis, dig shafts and tunnels, antennae 3, four strong arms
a: Dig, Shaft Self, Renounce Religion, Depart the Abyss


You were on level 5 of the Dungeon.
You worshipped Lugonu.
Lugonu was aware of your devotion.
You visited 1 branch of the dungeon, and saw 5 of its levels.
You visited the Abyss 1 time.

You collected 87 gold pieces.

Inventory:

Hand Weapons
 a - a +1 hand axe (weapon)
Armour
 b - a +0 leather armour (worn)
Scrolls
 c - a scroll of torment {unknown}
 e - a scroll of fog {unknown}
 h - 2 scrolls of identify {unknown}
 i - a scroll of immolation {unknown}
 k - a scroll of vulnerability {unknown}
 m - a scroll of amnesia {unknown}
Potions
 d - 2 potions of curing {unknown}
 f - a potion of invisibility {unknown}
 g - a potion of haste {unknown}
 j - a potion of brilliance {unknown}
 l - a potion of resistance {unknown}
 n - 2 potions of degeneration {unknown}
 o - a potion of lignification {unknown}


   Skills:
 - Level 3.2 Fighting
 * Level 3.8 Axes
 - Level 2.1 Armour
 - Level 0.8 Dodging
 + Level 2.7 Invocations


You had 3 spell levels left.
You didn't know any spells.
Your spell library contained the following spells:

 Spells                   Type           Power      Damage    Failure   Level
 Magic Dart               Conj           0%         1d3       43%         1
 Call Imp                 Summ           0%         N/A       58%         2
 Mephitic Cloud           Conj/Pois/Air  0%         N/A       82%         3


Dungeon Overview and Level Annotations

Branches:
Dungeon (6/15)
 Temple: D:4-7

Altars:

Annotations:
D:2 Terence
D:3 Sigmund


Innate Abilities, Weirdness & Mutations

You cannot be hasted, slowed, berserked, paralysed or teleported.
You can dig through walls and to a lower floor.
You have a pair of large antennae on your head. (SInv)
Your four strong arms can wield two-handed weapons with a shield.


Message History

You extend your mandibles.
You dig through the rock wall.
The hound barely misses you.
You dig through the rock wall.
The hound misses you.
You dig through the rock wall.
The hound bites you.
You dig through the rock wall.
The hound closely misses you.
You dig through the rock wall.
The hound bites you.
You dig through the rock wall.
You dig through the rock wall.
The hound completely misses you.
You dig through the rock wall.
The hound barely misses you.
You retract your mandibles.
The hound barely misses you. The hound bites you. The hound bites you.
The hound barely misses you. The hound barely misses you.
A bullfrog comes into view.
The bullfrog croaks.
The bullfrog moves out of view.
A shadow imp comes into view.
The hound bites you. The shadow imp gestures at you.
Pain shoots through your body!
An orc comes into view. It is wielding a +0 dagger.
Found a stone staircase leading up.
The orc shouts!
The hound closely misses you. The shadow imp misses you. The hound bites you.
The shadow imp closely misses you. The orc barely misses you.
The shadow imp shouts, "Go and return not, thou unhinged half-faced pignut!"
The hound closely misses you. The hound bites you.
* * * LOW HITPOINT WARNING * * *
Found a scroll labelled RAEDULL LULOACHI.
The hound bites you.
* * * LOW HITPOINT WARNING * * *
The bullfrog hits you.
* * * LOW HITPOINT WARNING * * *
The bullfrog hits you.
You die...

#.......{.###.##.# {
##.##.#{#####.##.## {{
#.##.##.h###..##
#o###{.#####...### #.#
#### #...... #.# #....##
#{# #...## #{# #####..#
#.# ###lhSF@.#{ {
.#.###.###...####h# {
.........o...5o...#
#..###.#.########.......
. ....... ?.......
#.....### ###.##..
#.###.# .# . #. #.# ..
#. ### .#


You could see a black bear, a bullfrog, an iguana, a hound, an adder and an orc.

Vanquished Creatures
  An adder (D:2)
  A worm (D:2)
  A dart slug (D:2)
  2 endoplasms (D:1)
  3 giant cockroaches
  3 goblins
  3 hobgoblins
  6 jackals
  3 quokkas
  3 ball pythons (D:1)
  4 bats (D:1)
  A frilled lizard (D:1)
  3 kobolds
  3 rats (D:1)
37 creatures vanquished.

Vanquished Creatures (others)
  A fungus (D:2)
  6 plants (D:2)
7 creatures vanquished.

Grand Total: 44 creatures vanquished

Notes
Turn   | Place    | Note
-------+----------+-------------------------------------------
     0 | Abyss:1  | kipponium the Formicid Abyssal Knight began the quest for
                  | the Orb.
     0 | Abyss:1  | Reached XP level 1. HP: 18/18 MP: 2/2
    23 | Abyss:1  | Noticed a spatial maelstrom
    24 | D:1      | Escaped the Abyss
    85 | D:1      | Reached * piety under Lugonu
   151 | D:1      | Reached XP level 2. HP: 21/24 MP: 3/3
   550 | D:1      | Reached XP level 3. HP: 21/29 MP: 4/4
  1525 | D:2      | Reached XP level 4. HP: 35/35 MP: 4/6
  1744 | D:2      | Noticed Terence
  1792 | D:3      | Noticed Sigmund
  1795 | D:3      | You fall into a shaft and drop 3 floors!
  1848 | D:6      | Noticed a black bear
  1852 | D:6      | Noticed a sky beast
  1855 | D:5      | Entered Level 5 of the Dungeon
  1861 | D:5      | Noticed a black bear
  1875 | D:5      | Noticed a scorpion
  1896 | D:5      | Noticed a bullfrog
  1908 | D:5      | HP: 1/35 [bullfrog (6)]
  1908 | D:5      | Slain by a bullfrog

Illustrated notes

Levels and vault maps discovered:
D:1:      minmay_arrival_hallway, layout_loops_ring, st_stairs_8,
          minmay_small_reverse_x
D:2:      layout_rooms, shapermc_ecumenical_altar_rom_forum,
          chequers_serial_rivers_micro_b, uniq_terence
D:3:      layout_loops_corners, serial_shops, shop, uniq_sigmund, uniq_purgy
D:5:      cheibrodos_barr_body, layout_rooms, nicolae_vehumet_radiance,
          mainiacjoe_overflow_concentric_impassable,
          ebering_ghost_disaster_area, nicolae_shop_firing_range,
          uniq_blork_the_orc
D:6:      layout_basic, trog_ov_bears_minmay, ebering_ghost_reflecting_pool,
          uniq_maggie

Skill      XL: |  1  2 |
---------------+-------+-----
Axes           | 3 |  3.8
Fighting       | |  3.2
Armour         | |  2.1
Dodging        | |  0.8
Invocations    | |  2.7

Action                   |  1- 3 |  4- 6 || total
-------------------------+-------+-------++-------
Melee: Hand axe          |   120 |     8 ||   128
Invok: Depart the Abyss  |     1 |       ||     1
 Abil: Dig               |       |     1 ||     1
       Shaft Self        |       |     1 ||     1
 Stab: Sleeping          |     1 |       ||     1
Armor: Leather armour    |    36 |     3 ||    39
Dodge: Dodged            |    82 |    23 ||   105

Table legend: (Time is in decaauts)
 A = Elapsed time spent in this place.
 B = Non-inter-level travel time spent in this place.
 C = Inter-level travel time spent in this place.
 D = Time resting spent in this place.
 E = Time spent auto-exploring this place.
 F = Levels seen in this place.
 G = Mean time per level.
                   A        B        C        D        E       F      G
               +--------+--------+--------+--------+--------+-----+--------+
         Total |   1928 |   1875 |     53 |    421 |    793 |   6 |  321.3 |
       Dungeon |   1904 |   1851 |     53 |    421 |    793 |   5 |  380.8 |
         Abyss |     24 |     24 |      0 |      0 |      0 |   1 |   24.0 |
               +--------+--------+--------+--------+--------+-----+--------+

Top non-repeatable levels by time:
     D:1: 1019 daAuts
     D:2: 727 daAuts
     D:6: 59 daAuts
     D:5: 54 daAuts
     D:3: 42 daAuts
 Abyss:1: 24 daAuts
